 Dungeon Crawl Stone Soup version 0.31.0-11-ge490571c62 (webtiles) character file.

Game seed: 10982623787632043305

418 puppykicker the Grave Robber (level 6, 0/30 HPs)
             Began as a Vine Stalker Necromancer on Feb 2, 2024.
             Was an Initiate of Okawaru.
             Killed by divine providence
             ... invoked by an orc priest
              (8 damage)
             ... on level 5 of the Dungeon.
             The game lasted 00:11:03 (3167 turns).

puppykicker the Grave Robber (VSNe)                 Turns: 3167, Time: 00:11:04

Health: 0/30       AC:  5    Str: 11    XL:     6   Next: 93%
Magic:  0/12       EV: 11    Int: 15    God:    Okawaru [......]
Gold:   224        SH:  0    Dex: 16    Spells: 0/12 levels left

rFire   . . .        w - +1 dagger (venom)
rCold   . . .        (no shield)
rNeg    . . .        j - +0 leather armour
rPois   .            (no helmet)
rElec   .            l - +0 cloak
rCorr   .            u - +0 pair of gloves
SInv    .            (no boots)
Will    ++...        (no amulet)
Stlth   ++           g - ring of willpower
HPRegen 1.05/turn    k - ring of willpower
MPRegen 0.13/turn

%: guardian spirit
@: lethally poisoned (0 -> -8)
A: fangs 2, regeneration 1, magic shield, antimagic bite, no potion heal 2
a: Renounce Religion


You were on level 5 of the Dungeon.
You worshipped Okawaru.
Okawaru was noncommittal.
You visited 2 branches of the dungeon, and saw 6 of its levels.

You collected 224 gold pieces.

Inventory:

Hand Weapons
 a - a +0 short sword
 b - a +0 sling
 w - a +1 dagger of venom (weapon)
Missiles
 s - a boomerang
Armour
 j - a +0 leather armour (worn)
 l - a +0 cloak (worn)
 t - a +0 ring mail
 u - a +0 pair of gloves (worn)
Jewellery
 g - a ring of willpower (left hand)
 h - an amulet of faith {Faith, !P}
 k - a ring of willpower (right hand)
 x - a ring of flight
Scrolls
 c - a scroll of poison {unknown}
 e - 6 scrolls of teleportation {unknown}
 m - a scroll of enchant weapon {unknown}
 o - 3 scrolls of summoning {unknown}
 p - a scroll of blinking {unknown}
 q - 2 scrolls of amnesia {unknown}
 y - a scroll of identify {unknown}
Potions
 d - a potion of ambrosia {unknown}
 f - a potion of magic
 i - a potion of brilliance {unknown}
 n - a potion of cancellation {unknown}
 r - a potion of attraction {unknown}
 v - a potion of curing {unknown}


   Skills:
 - Level 2.0 Fighting
 + Level 2.5 Short Blades
 - Level 1.5 Dodging
 - Level 2.4 Stealth
 + Level 3.9 Spellcasting
 + Level 5.5 Necromancy
 - Level 2.2 Translocations


You couldn't memorise any spells.
You knew the following spells:

 Your Spells              Type           Power      Damage    Failure   Level
a - Necrotise             Necr           76%        1d7       2%          1
g - Apportation           Tloc           18%        N/A       10%         1
v - Vampiric Draining     Necr           19%        2d7       8%          3
w - Fugue of the Fallen   Necr           19%        N/A       8%          3
z - Animate Dead          Necr           19%        N/A       26%         4

Your spell library contained the following spells:

 Spells                   Type           Power      Damage    Failure   Level
 Sting                    Conj/Alch      8%         1d3       24%         1
 Ensorcelled Hibernation  Hex/Ice        4%         N/A       36%         2
 Curse of Agony           Necr           19%        N/A       56%         5
 Anguish                  Hex/Necr       5%         N/A       61%         4
 Summon Small Mammal      Summ           Unusable   N/A       N/A         1

Dungeon Overview and Level Annotations

Branches:
Dungeon (5/15)             Temple (1/1) D:4

Altars:
Elyvilon
Fedhas
Gozag
Hepliaklqana
Makhleb
Nemelex Xobeh
Okawaru
Qazlal
Ru
Trog
Uskayaw
Xom
The Shining One

Shops:
D:3 *


Innate Abilities, Weirdness & Mutations

You have extremely sharp teeth.
Your natural rate of healing is unusually fast.
When hurt, damage is shared between your health and your magic reserves.
Your bite disrupts and absorbs the magic of your enemies.
Potions cannot restore your health.


Message History

You kill the orc!
You completely miss the orc. The orc barely misses you.
You hit the orc.
The orc is poisoned.
You bite the orc.
You kill the orc!
The orc misses you. The orc hits you but does no damage.
Unknown command.
You hit the orc.
The orc is poisoned.
You bite the orc.
You kill the orc!
The orc closely misses you.
You hit the orc priest but do no damage.
The orc priest is poisoned.
You bite the orc priest, but do no damage.
The orc priest hits you with a +0 flail.
The orc closely misses you.
You take 3 damage, and have 27/30 hp.
You now have 7/12 mp.
You hit the orc priest but do no damage.
The orc priest looks even sicker.
The orc priest is moderately wounded.
The orc priest barely misses you.
You hit the orc priest.
The orc priest looks as sick as possible!
The orc priest is moderately wounded.
The orc hits you from afar with a +1 trident of venom.
You are poisoned.
The orc priest mumbles some strange prayers to Beogh against you.
Beogh smites you!
* * * LOW HITPOINT WARNING * * *
You take 14 damage, and have 14/30 hp.
MASSIVE DAMAGE!!
You now have 4/12 mp.
You closely miss the orc priest.
The orc priest is moderately wounded.
You feel very sick.
The orc hits you from afar with a +1 trident of venom.
* * * LOW MAGIC WARNING * * *;
* * * LOW HITPOINT WARNING * * *
You are lethally poisoned!
The orc priest invokes the aid of Beogh against you.
Beogh smites you!
* * * LOW MAGIC WARNING * * *
You die...

#.......# . #.......##
.# #........# #.
#........## #.##
#........<# #>.#
#.........# ..#
#.oo.....#
#.####.......# #
#@)##o......## ##.
##o#.......## ##.. ##
#.o......## #...
##.#####.......## ###...
#.......#......# ##.....
...............###......
..............###.......
...............#........
........................


You could see an orc priest (extremely poisoned) and an orc.

Levels and vault maps discovered:
D:1:      dpeg_arrival_radiant, layout_basic
D:2:      cheibrodos_old_hovel, layout_basic
D:3:      layout_loops_corners, nicolae_gozag_zags_fifth_avenue,
          mainiacjoe_overflow_surrounded_room, serial_rivers,
          chequers_serial_rivers_large_b, chequers_serial_rivers_micro_e,
          chequers_serial_rivers_micro_c, chequers_serial_rivers_micro_b,
          chequers_serial_rivers_micro_d, st_stairs_2, hangedman_decor_growths
D:4:      layout_loops_ring, temple_green, ebering_ghost_disaster_area,
          chequers_serial_rivers_large_a
D:5:      layout_cave_pods, lemuel_zombie_altar_kikubaaqudgha, serial_shops,
          nicolae_shop_pleasant_corner_grove, minmay_shop_grid_forest
Temple:   minmay_freezing_vapour_temple

Notes
Turn   | Place    | Note
-------+----------+-------------------------------------------
     0 | D:1      | puppykicker the Vine Stalker Necromancer began the quest
                  | for the Orb.
     0 | D:1      | Reached XP level 1. HP: 9/9 MP: 4/4
    52 | D:1      | Identified a +0 sling
   173 | D:1      | Identified a +0 short sword
   183 | D:1      | Reached XP level 2. HP: 13/13 MP: 3/6
   193 | D:1      | Identified a ring of willpower
   346 | D:1      | Identified an amulet of faith
   478 | D:1      | Identified a +1 dagger of venom
   528 | D:1      | Identified a +0 leather armour
   562 | D:1      | Identified a +0 club
   623 | D:1      | Identified a +1 dagger of venom
   629 | D:1      | Reached XP level 3. HP: 16/16 MP: 5/7
   851 | D:1      | Identified a +0 cloak
   901 | D:2      | Identified a +6 ring of strength
   951 | D:2      | Learned a level 3 spell: Vampiric Draining
   953 | D:2      | Learned a level 1 spell: Apportation
   958 | D:2      | Identified a +0 whip
  1067 | D:2      | Reached skill level 1 in Short Blades
  1088 | D:2      | Identified a +0 whip
  1180 | D:2      | Reached XP level 4. HP: 21/21 MP: 9/9
  1190 | D:2      | Identified a +0 club
  1210 | D:2      | Identified a +0 club
  1347 | D:2      | Learned a level 3 spell: Fugue of the Fallen
  1718 | D:3      | Identified a +0 club
  1718 | D:3      | Identified a +0 leather armour
  1719 | D:3      | Identified a +3 hand axe
  1720 | D:3      | Identified a +0 club
  1720 | D:3      | Identified a +0 ring mail
  1720 | D:3      | Identified a +0 club
  1720 | D:3      | Identified a +0 ring mail
  1720 | D:3      | Identified a +0 dagger
  1720 | D:3      | Identified a +0 robe
  1730 | D:3      | Identified a +0 mace
  1731 | D:3      | Identified a +0 club
  1738 | D:3      | Identified a +0 short sword
  1739 | D:3      | Identified a +0 short sword
  1749 | D:3      | Reached skill level 3 in Spellcasting
  1765 | D:3      | Reached skill level 1 in Translocations
  1776 | D:3      | Reached skill level 1 in Fighting
  1776 | D:3      | Reached XP level 5. HP: 21/25 MP: 8/10
  1813 | D:3      | Found an opulent altar of Gozag.
  1820 | D:3      | Found Gozag's Platinum Reserve.
  1989 | D:3      | Identified a +0 cloak
  2099 | D:3      | Noticed a black bear
  2105 | D:3      | Killed a black bear
  2106 | D:3      | Reached skill level 2 in Short Blades
  2106 | D:3      | Reached skill level 5 in Necromancy
  2106 | D:3      | Reached XP level 6. HP: 15/30 MP: 0/12
  2198 | D:3      | Identified a +0 pair of gloves
  2293 | D:3      | Identified a +0 dagger
  2293 | D:3      | Identified a +0 scale mail
  2327 | D:3      | Found a white marble altar of Elyvilon.
  2333 | D:3      | Identified a +0 dagger
  2506 | D:3      | Identified a +0 dagger
  2508 | D:3      | Identified a +0 dagger
  2508 | D:3      | Identified a +0 leather armour
  2581 | D:3      | Identified a +0 club
  2749 | D:4      | Learned a level 4 spell: Animate Dead
  2774 | D:4      | Reached skill level 2 in Translocations
  2799 | D:4      | Reached skill level 2 in Fighting
  2836 | D:4      | Found a staircase to the Ecumenical Temple.
  2843 | Temple   | Entered the Ecumenical Temple
  2848 | Temple   | Became a worshipper of Warmaster Okawaru
  2924 | D:4      | Identified a +0 club
  3038 | D:4      | You fall into a shaft and drop 1 floor!
  3038 | D:5      | Entered Level 5 of the Dungeon
  3108 | D:5      | Identified a ring of flight
  3147 | D:5      | Identified a +0 mace
  3147 | D:5      | Identified a +0 leather armour
  3147 | D:5      | Identified a +0 short sword
  3147 | D:5      | Identified a +0 scale mail
  3147 | D:5      | Identified a +0 flail
  3147 | D:5      | Identified a +0 dagger
  3149 | D:5      | Identified a +1 trident of venom
  3167 | D:5      | Killed from afar by an orc priest

Table legend: (Time is in decaauts)
 A = Elapsed time spent in this place.
 B = Non-inter-level travel time spent in this place.
 C = Inter-level travel time spent in this place.
 D = Time resting spent in this place.
 E = Time spent auto-exploring this place.
 F = Levels seen in this place.
 G = Mean time per level.
                   A        B        C        D        E       F      G
               +--------+--------+--------+--------+--------+-----+--------+
         Total |   3190 |   3147 |     43 |    453 |   2028 |   6 |  531.7 |
       Dungeon |   3179 |   3137 |     42 |    453 |   2028 |   5 |  635.8 |
        Temple |     10 |     10 |      0 |      0 |      0 |   1 |   10.0 |
               +--------+--------+--------+--------+--------+-----+--------+

Top non-repeatable levels by time:
     D:3: 1054 daAuts
     D:1: 901 daAuts
     D:2: 811 daAuts
     D:4: 284 daAuts
     D:5: 126 daAuts
  Temple: 10 daAuts

Table legend:
 A = Kills in this place as a percentage of kills in the entire game.
 B = Kills by you in this place as a percentage of kills by you in the entire game.
 C = Kills by friends in this place as a percentage of kills by friends in the entire game.
 D = Other kills in this place as a percentage of other kills in the entire game.
 E = Experience gained in this place as a percentage of experience gained in the entire game.
 F = Experience gained in this place divided by the number of levels of this place that you have seen.
                   A       B       C       D       E      F
               +-------+-------+-------+-------+-------+----------------------
         Total | 100.0 | 100.0 | 100.0 |   N/A | 100.0 |  99.7
       Dungeon | 100.0 | 100.0 | 100.0 |   N/A | 100.0 | 119.6
               +-------+-------+-------+-------+-------+----------------------

Skill      XL: |  1  2  3  4  5  6 |
---------------+-------------------+-----
Short Blades   | 1 2 |  2.5
Spellcasting   | 3 |  3.9
Translocations | 1 2 |  2.2
Fighting       | 1 2 |  2.0
Necromancy     | 5 |  5.5
Dodging        | |  1.5
Stealth        | |  2.4

Action                     |  1- 3 |  4- 6 || total
---------------------------+-------+-------++-------
  Melee: Short sword       |    19 |       ||    19
         Dagger            |    41 |   144 ||   185
         Bite              |    20 |    44 ||    64
         Punch             |     2 |     3 ||     5
   Fire: Sling             |    20 |       ||    20
   Cast: Necrotise         |    11 |       ||    11
         Vampiric Draining |       |     1 ||     1
   Stab: Sleeping          |     2 |     6 ||     8
 Armour: Robe              |    16 |       ||    16
         Leather armour    |    19 |    98 ||   117
         Ring mail         |       |     1 ||     1
  Dodge: Dodged            |    41 |    65 ||   106

Vanquished Creatures
  A black bear (D:3)
  A bullfrog (D:4)
  A scorpion (D:4)
  An orc priest (D:3)
  An iguana (D:5)
  An orc wizard (D:3)
  3 adders
  A ribbon worm (D:3)
  2 dart slugs
  12 orcs
  3 ball pythons
  7 endoplasms
  6 giant cockroaches
  5 goblins
  6 hobgoblins
  8 jackals
  4 kobolds
  5 quokkas
  5 bats
  2 frilled lizards (D:1)
  2 rats
77 creatures vanquished.

Vanquished Creatures (collateral kills)
  A dart slug (D:1)
1 creature vanquished.

Grand Total: 78 creatures vanquished
